AoeStats
← Kiritastrich

Arena

509122093Analyzed
1v1 RM · 6d ago on Sep 25, 2026· 39m 52s· 2 players
Game mode
Random Map
Map size
Tiny (2 player)
Population
200
Speed
Normal
Resources
Standard
Victory
Conquest
Starting age
Dark Age
Ending age
Imperial Age
RankedLock teamsTeams togetherTeam positionsShared explorationLock speedFull tech treeHidden civsTurbo modeCheats
Victory
Defeat
🇷🇺 Danes · Russia
1888
+9
🇩🇪 Spanish · Germany
1713
-9
Kiritastrich
10:24 Feudal Age
9:28 Loom
11:33 Feudal Age
16:15 Castle Age
17:38 Wheelbarrow
17:09 Double-Bit Axe
29:24 Sanctity
39:45 Imperial Age
37:39 Arson
39:19 Scale Mail Armor
39:45 Bow Saw
40:16 Squires
lootingbear
6:02 Loom
6:13 Loom
8:44 Feudal Age
9:26 Double-Bit Axe
19:51 Castle Age
17:58 Horse Collar
20:28 Fletching
Connection lost

Rejoining the realm…

Still unreachable

The connection could not be restored.

Session expired

The server has moved on; the page needs a fresh start.